| Goals | Penalties |
1. Hershey Bears , Lukas Reichel 32 (A.J. Greer 25) at 18:38
|
No Penalty
|
2. Hershey Bears , A.J. Greer 22 (Lukas Reichel 32) at 0:50 (PP)
3. Hershey Bears , Alex Barre-Boulet 11 (Louis Crevier 12) at 16:48
|
Nick Blankenburg (EDM) for Holding (Minor) at 0:36 A.J. Greer (WAS) for Tripping (Minor) at 11:47 Zack Hayes (EDM) for Roughing (Minor) at 17:42
|
No Goal
|
No Penalty
|
|
Akira Schmid (EDM), 32 saves from 35 shots - (0,914), L, 19-20-6, 60:00 minutes
Magnus Hellberg (WAS), 13 saves from 13 shots - (1,000), W, 4-0-0, 60:00 minutes
|
|
1 - Lukas Reichel (WAS)
2 - A.J. Greer (WAS)
3 - Alex Barre-Boulet (WAS)
|
Referees : Shauna Neary and Chris Rooney
Linesman : Kiel Murchison and Brad Kovachik
|
|
| No Game Note
|
| Team Name |
Goals |
Shots |
Shots Attemp |
Shots Blocked |
PIM |
HIT |
PP |
PK |
FO% |
| Condors |
0 | 13 | 32 | 9 | 4 | 18 | 0 / 1 (0%) | 1 | 48% |
| Hershey Bears |
3 | 35 | 68 | 7 | 2 | 22 | 1 / 2 (50%) | 0 | 52% |
Condors
| Player Name |
POS |
G |
A |
P |
+/- |
PIM |
HIT |
SHT |
SB |
MP |
PP MP |
PP SHT |
PK MP |
PK SHT |
FO% |
FOT |
GA |
TA |
| Andre Lee | C/LW | 0 | 0 | 0 | -1 | 0 | 2 | 0 | 0 | 15:13 | 0:25 | 0 | 0:46 | 0 | 0% |
0 | 0 | 0 |
| Brandon Scanlin | D | 0 | 0 | 0 | -2 | 0 | 1 | 1 | 0 | 23:33 | 1:02 | 0 | 0:00 | 0 | 0% |
0 | 0 | 1 |
| Brayden Pachal | D | 0 | 0 | 0 | 0 | 0 | 0 | 0 | 1 | 22:11 | 0:31 | 0 | 1:16 | 0 | 0% |
0 | 0 | 2 |
| Cole Fonstad | LW | 0 | 0 | 0 | 0 | 0 | 0 | 2 | 0 | 20:17 | 0:54 | 0 | 0:00 | 0 | 0% |
0 | 1 | 2 |
| Emilio Pettersen | C | 0 | 0 | 0 | -1 | 0 | 1 | 1 | 1 | 17:24 | 0:12 | 0 | 0:46 | 0 | 33% |
9 | 0 | 1 |
| Frank Nazar | C/RW | 0 | 0 | 0 | -1 | 0 | 1 | 4 | 0 | 21:18 | 0:24 | 0 | 0:00 | 0 | 47% |
17 | 0 | 1 |
| Hunter McKown | C | 0 | 0 | 0 | -1 | 0 | 3 | 1 | 1 | 24:38 | 1:04 | 0 | 1:27 | 0 | 53% |
19 | 0 | 0 |
| Jack St. Ivany | D | 0 | 0 | 0 | 0 | 0 | 0 | 0 | 0 | 0:00 | 0:00 | 0 | 0:00 | 0 | 0% |
0 | 0 | 0 |
| James Hamblin | C/RW | 0 | 0 | 0 | 0 | 0 | 1 | 1 | 2 | 23:44 | 1:05 | 0 | 0:00 | 0 | 100% |
2 | 0 | 0 |
| Jonathan Aspirot | D | 0 | 0 | 0 | 0 | 0 | 0 | 1 | 0 | 16:01 | 0:00 | 0 | 0:00 | 0 | 0% |
0 | 0 | 1 |
| Luke Toporowski | LW | 0 | 0 | 0 | 0 | 0 | 0 | 0 | 0 | 1:44 | 0:00 | 0 | 0:00 | 0 | 0% |
0 | 0 | 0 |
| Nick Blankenburg | D | 0 | 0 | 0 | 0 | 2 | 3 | 0 | 2 | 28:59 | 1:28 | 0 | 1:02 | 0 | 0% |
0 | 0 | 1 |
| Nick Wolff | D | 0 | 0 | 0 | -2 | 0 | 1 | 0 | 0 | 15:31 | 0:00 | 0 | 0:57 | 0 | 0% |
0 | 0 | 0 |
| Nikolai Knyzhov | D | 0 | 0 | 0 | 0 | 0 | 0 | 0 | 0 | 0:00 | 0:00 | 0 | 0:00 | 0 | 0% |
0 | 0 | 0 |
| Tristen Nielsen | C | 0 | 0 | 0 | -1 | 0 | 1 | 0 | 1 | 19:47 | 0:43 | 0 | 0:00 | 0 | 50% |
2 | 0 | 0 |
| Ville Ottavainen | D | 0 | 0 | 0 | 0 | 0 | 0 | 0 | 0 | 6:04 | 0:00 | 0 | 0:57 | 0 | 0% |
0 | 0 | 0 |
| Walker Duehr | RW | 0 | 0 | 0 | -1 | 0 | 3 | 2 | 1 | 25:09 | 1:10 | 0 | 1:27 | 0 | 0% |
1 | 0 | 0 |
| Zack Hayes | D | 0 | 0 | 0 | 0 | 2 | 1 | 0 | 0 | 16:12 | 0:57 | 0 | 0:14 | 0 | 0% |
0 | 0 | 0 |
Hershey Bears
| Player Name |
POS |
G |
A |
P |
+/- |
PIM |
HIT |
SHT |
SB |
MP |
PP MP |
PP SHT |
PK MP |
PK SHT |
FO% |
FOT |
GA |
TA |
| A.J. Greer | LW/RW | 1 | 1 | 2 | 2 | 2 | 3 | 2 | 0 | 18:24 | 1:19 | 1 | 0:00 | 0 | 0% |
0 | 2 | 0 |
| Alex Barre-Boulet | C/LW/RW | 1 | 0 | 1 | 2 | 0 | 1 | 5 | 1 | 19:13 | 1:19 | 0 | 0:54 | 0 | 59% |
27 | 0 | 0 |
| Arber Xhekaj | D | 0 | 0 | 0 | 0 | 0 | 0 | 2 | 1 | 23:03 | 1:04 | 0 | 1:07 | 0 | 0% |
0 | 0 | 0 |
| Brendan Gaunce | C/LW | 0 | 0 | 0 | 0 | 0 | 3 | 1 | 0 | 15:01 | 0:00 | 0 | 0:52 | 0 | 20% |
5 | 0 | 0 |
| Cole McWard | D | 0 | 0 | 0 | 1 | 0 | 0 | 1 | 0 | 16:22 | 0:00 | 0 | 0:00 | 0 | 0% |
0 | 1 | 0 |
| Fredrik Olofsson | C/LW | 0 | 0 | 0 | 0 | 0 | 0 | 6 | 0 | 17:05 | 0:54 | 0 | 0:26 | 0 | 0% |
0 | 1 | 0 |
| Gerry Mayhew | C | 0 | 0 | 0 | 0 | 0 | 0 | 2 | 0 | 9:01 | 0:00 | 0 | 0:07 | 0 | 33% |
3 | 0 | 0 |
| Jeffrey Viel | LW | 0 | 0 | 0 | 0 | 0 | 0 | 1 | 0 | 8:54 | 0:00 | 0 | 0:00 | 0 | 0% |
0 | 1 | 0 |
| Jonas Rondbjerg | LW/RW | 0 | 0 | 0 | 0 | 0 | 1 | 0 | 0 | 14:03 | 0:00 | 0 | 0:00 | 0 | 0% |
0 | 0 | 1 |
| Kaedan Korczak | D | 0 | 0 | 0 | 1 | 0 | 1 | 1 | 1 | 20:35 | 1:09 | 0 | 0:52 | 0 | 0% |
0 | 0 | 0 |
| Kevin Rooney | C | 0 | 0 | 0 | 0 | 0 | 2 | 2 | 0 | 17:44 | 0:54 | 0 | 0:59 | 0 | 50% |
12 | 0 | 0 |
| Landon Slaggert | LW | 0 | 0 | 0 | 0 | 0 | 5 | 2 | 0 | 14:43 | 0:00 | 0 | 0:40 | 0 | 0% |
0 | 1 | 0 |
| Louis Crevier | D | 0 | 1 | 1 | 1 | 0 | 0 | 1 | 1 | 19:24 | 0:00 | 0 | 0:52 | 0 | 0% |
0 | 0 | 0 |
| Lukas Reichel | C/LW/RW | 1 | 1 | 2 | 2 | 0 | 2 | 3 | 0 | 18:19 | 1:19 | 0 | 0:00 | 0 | 50% |
2 | 2 | 0 |
| Matej Blumel | LW | 0 | 0 | 0 | 0 | 0 | 1 | 2 | 0 | 16:39 | 0:54 | 0 | 0:00 | 0 | 100% |
1 | 0 | 0 |
| Michael Kesselring | D | 0 | 0 | 0 | 0 | 0 | 2 | 1 | 1 | 23:03 | 1:04 | 0 | 1:07 | 0 | 0% |
0 | 1 | 0 |
| Sean Farrell | LW/RW | 0 | 0 | 0 | 0 | 0 | 1 | 1 | 0 | 8:54 | 0:00 | 0 | 0:00 | 0 | 0% |
0 | 0 | 0 |
| Vincent Lorio | D | 0 | 0 | 0 | 1 | 0 | 0 | 2 | 2 | 17:33 | 1:09 | 0 | 0:00 | 0 | 0% |
0 | 0 | 0 |
Condors
| 5 vs 5 Forward |
|---|
| Line # | Left Wing | Center | Right Wing | PHY | DF | OF | Wanted % | Time % | Time Play |
| 1 | Walker Duehr | Hunter McKown | James Hamblin | 1 | 2 | 2 | 40 | 29% | 16:05
|
| 2 | Cole Fonstad | Frank Nazar | Walker Duehr | 1 | 2 | 2 | 30 | 33% | 18:36
|
| 3 | Hunter McKown | Tristen Nielsen | James Hamblin | 1 | 2 | 2 | 20 | 19% | 10:26
|
| 4 | Walker Duehr | Emilio Pettersen | Tristen Nielsen | 1 | 2 | 2 | 10 | 19% | 10:41
|
| 5 vs 5 Defense |
|---|
| Line # | Defense | Defense | | PHY | DF | OF | Wanted % | Time % | Time Play |
| 1 | Nick Blankenburg | Brayden Pachal | | 1 | 2 | 2 | 40 | 30% | 16:32
|
| 2 | Nick Blankenburg | Jonathan Aspirot | | 1 | 2 | 2 | 30 | 26% | 14:20
|
| 3 | Brandon Scanlin | Zack Hayes | | 1 | 2 | 2 | 20 | 27% | 14:56
|
| 4 | Nick Wolff | Brandon Scanlin | | 1 | 2 | 2 | 10 | 18% | 10:00
|
| Power Play Forward |
|---|
| Line # | Left Wing | Center | Right Wing | PHY | DF | OF | Wanted % | Time % | Time Play |
| 1 | Walker Duehr | Hunter McKown | James Hamblin | 1 | 2 | 2 | 60 | 55% | 1:05
|
| 2 | Cole Fonstad | Hunter McKown | Walker Duehr | 1 | 2 | 2 | 40 | 45% | 0:54
|
| Power Play Defense |
|---|
| Line # | Defense | Defense | | PHY | DF | OF | Wanted % | Time % | Time Play |
| 1 | Nick Blankenburg | Brandon Scanlin | | 1 | 2 | 2 | 60 | 52% | 1:02
|
| 2 | Nick Blankenburg | Zack Hayes | | 1 | 2 | 2 | 40 | 48% | 0:57
|
| Penalty Kill 4 Players Forward |
|---|
| Line # | Center | Wing | PHY | DF | OF | Wanted % | Time % | Time Play |
| 1 | Hunter McKown | Walker Duehr | 1 | 2 | 2 | 60 | 100% | 2:13
|
| 2 | Hunter McKown | Walker Duehr | 1 | 2 | 2 | 40 | 0% | 0:00
|
| Penalty Kill 4 Players Defense |
|---|
| Line # | Defense | Defense | PHY | DF | OF | Wanted % | Time % | Time Play |
| 1 | Nick Blankenburg | Brayden Pachal | 1 | 2 | 2 | 60 | 100% | 2:13
|
| 2 | Nick Blankenburg | Brayden Pachal | 1 | 2 | 2 | 40 | 0% | 0:00
|
| Penalty Kill 3 Players |
|---|
| Line # | Wing | PHY | DF | OF | Wanted % | Time % | Time Play | Defense | Defense | PHY | DF | OF | Wanted % | Time % | Time Play |
| 1 | Walker Duehr | 1 | 2 | 2 | 60 | 0% | 0:00
| Nick Blankenburg | Nick Wolff | 1 | 2 | 2 | 60 | 0% | 0:00
|
| 2 | Walker Duehr | 1 | 2 | 2 | 40 | 0% | 0:00
| Nick Blankenburg | Nick Wolff | 1 | 2 | 2 | 40 | 0% | 0:00
|
| 4 vs 4 Forward |
|---|
| Line # | Center | Wing | PHY | DF | OF | Wanted % | Time % | Time Play |
| 1 | Hunter McKown | Walker Duehr | 1 | 2 | 2 | 60 | 0% | 0:00
|
| 2 | Hunter McKown | Walker Duehr | 1 | 2 | 2 | 40 | 0% | 0:00
|
| 4 vs 4 Defense |
|---|
| Line # | Defense | | PHY | DF | OF | Wanted % | Time % | Time Play |
| 1 | Nick Blankenburg | Brandon Scanlin | 1 | 2 | 2 | 60 | 0% | 0:00
|
| 2 | Nick Blankenburg | Brandon Scanlin | 1 | 2 | 2 | 40 | 0% | 0:00
|
| Last Minutes Offensive |
|---|
| Left Wing | Center | Right Wing | Defense | Defense |
| Walker Duehr | Hunter McKown | James Hamblin | Nick Blankenburg | Brayden Pachal |
| Last Minutes Defensive |
|---|
| Left Wing | Center | Right Wing | Defense | Defense |
| Walker Duehr | Hunter McKown | James Hamblin | Nick Blankenburg | Brayden Pachal |
| Time |
|---|
| Total Forward | Total Defense | Last Minutes Offensive | Last Minutes Defensive |
| 60:00 |
60:00 |
0:00 | 0:00 |
| Extra Forwards |
|---|
| Normal | PowerPlay | Penalty Kill |
|
Tristen Nielsen, James Hamblin, Walker Duehr | Tristen Nielsen, James Hamblin | Walker Duehr |
| Extra Defensemen |
|---|
| Normal | PowerPlay | Penalty Kill |
|
Brandon Scanlin, Zack Hayes, Nick Wolff | Brandon Scanlin, Zack Hayes | Nick Wolff |
| Penalty Shots |
|---|
|
James Hamblin, Walker Duehr, Hunter McKown, Cole Fonstad, Tristen Nielsen |
| Goalie |
|---|
| Akira Schmid, Hunter Shepard |
| Scratches |
|---|
|
Aidan Fulp (Healthy), Alexander True (Healthy), Connor Bunnaman (Healthy), Patrick Giles (Healthy), Cole Krygier (Healthy)
Filip Roos (Healthy), Jordan Frasca (Healthy), Navrin Mutter (Healthy), Yaniv Perets (Healthy), Pavel Cajan (Healthy) |
Hershey Bears
| 5 vs 5 Forward |
|---|
| Line # | Left Wing | Center | Right Wing | PHY | DF | OF | Wanted % | Time % | Time Play |
| 1 | Lukas Reichel | Alex Barre-Boulet | A.J. Greer | 1 | 2 | 2 | 33 | 31% | 17:06
|
| 2 | Fredrik Olofsson | Kevin Rooney | Matej Blumel | 1 | 2 | 2 | 30 | 28% | 15:45
|
| 3 | Landon Slaggert | Brendan Gaunce | Jonas Rondbjerg | 1 | 2 | 2 | 26 | 25% | 14:03
|
| 4 | Jeffrey Viel | Gerry Mayhew | Sean Farrell | 1 | 2 | 2 | 11 | 16% | 8:54
|
| 5 vs 5 Defense |
|---|
| Line # | Defense | Defense | | PHY | DF | OF | Wanted % | Time % | Time Play |
| 1 | Arber Xhekaj | Michael Kesselring | | 1 | 2 | 2 | 37 | 37% | 20:37
|
| 2 | Louis Crevier | Kaedan Korczak | | 1 | 2 | 2 | 34 | 33% | 18:34
|
| 3 | Cole McWard | Vincent Lorio | | 1 | 2 | 2 | 29 | 29% | 16:22
|
| 4 | Arber Xhekaj | Michael Kesselring | | 1 | 2 | 2 | 0 | 0% | 0:15
|
| Power Play Forward |
|---|
| Line # | Left Wing | Center | Right Wing | PHY | DF | OF | Wanted % | Time % | Time Play |
| 1 | A.J. Greer | Alex Barre-Boulet | Lukas Reichel | 0 | 1 | 4 | 54 | 59% | 1:19
|
| 2 | Matej Blumel | Kevin Rooney | Fredrik Olofsson | 1 | 1 | 3 | 46 | 41% | 0:54
|
| Power Play Defense |
|---|
| Line # | Defense | Defense | | PHY | DF | OF | Wanted % | Time % | Time Play |
| 1 | Arber Xhekaj | Michael Kesselring | | 0 | 1 | 4 | 54 | 48% | 1:04
|
| 2 | Vincent Lorio | Kaedan Korczak | | 0 | 1 | 4 | 46 | 52% | 1:09
|
| Penalty Kill 4 Players Forward |
|---|
| Line # | Center | Wing | PHY | DF | OF | Wanted % | Time % | Time Play |
| 1 | Kevin Rooney | A.J. Greer | 1 | 3 | 1 | 52 | 78% | 1:33
|
| 2 | Alex Barre-Boulet | Fredrik Olofsson | 1 | 3 | 1 | 48 | 22% | 0:26
|
| Penalty Kill 4 Players Defense |
|---|
| Line # | Defense | Defense | PHY | DF | OF | Wanted % | Time % | Time Play |
| 1 | Arber Xhekaj | Michael Kesselring | 1 | 4 | 0 | 52 | 56% | 1:07
|
| 2 | Louis Crevier | Kaedan Korczak | 1 | 4 | 0 | 48 | 44% | 0:52
|
| Penalty Kill 3 Players |
|---|
| Line # | Wing | PHY | DF | OF | Wanted % | Time % | Time Play | Defense | Defense | PHY | DF | OF | Wanted % | Time % | Time Play |
| 1 | Kevin Rooney | 1 | 3 | 1 | 54 | 0% | 0:00
| Michael Kesselring | Arber Xhekaj | 1 | 4 | 0 | 52 | 0% | 0:00
|
| 2 | Alex Barre-Boulet | 1 | 3 | 1 | 46 | 0% | 0:00
| Louis Crevier | Michael Kesselring | 1 | 4 | 0 | 48 | 0% | 0:00
|
| 4 vs 4 Forward |
|---|
| Line # | Center | Wing | PHY | DF | OF | Wanted % | Time % | Time Play |
| 1 | Lukas Reichel | A.J. Greer | 1 | 2 | 2 | 56 | 0% | 0:00
|
| 2 | Alex Barre-Boulet | Fredrik Olofsson | 1 | 2 | 2 | 44 | 0% | 0:00
|
| 4 vs 4 Defense |
|---|
| Line # | Defense | | PHY | DF | OF | Wanted % | Time % | Time Play |
| 1 | Arber Xhekaj | Michael Kesselring | 1 | 2 | 2 | 54 | 0% | 0:00
|
| 2 | Cole McWard | Kaedan Korczak | 1 | 2 | 2 | 46 | 0% | 0:00
|
| Last Minutes Offensive |
|---|
| Left Wing | Center | Right Wing | Defense | Defense |
| Lukas Reichel | Alex Barre-Boulet | A.J. Greer | Arber Xhekaj | Michael Kesselring |
| Last Minutes Defensive |
|---|
| Left Wing | Center | Right Wing | Defense | Defense |
| A.J. Greer | Kevin Rooney | Alex Barre-Boulet | Arber Xhekaj | Michael Kesselring |
| Time |
|---|
| Total Forward | Total Defense | Last Minutes Offensive | Last Minutes Defensive |
| 60:00 |
60:00 |
0:00 | 0:00 |
| Extra Forwards |
|---|
| Normal | PowerPlay | Penalty Kill |
|
Lukas Reichel, Alex Barre-Boulet, A.J. Greer | Lukas Reichel, A.J. Greer | Alex Barre-Boulet |
| Extra Defensemen |
|---|
| Normal | PowerPlay | Penalty Kill |
|
Arber Xhekaj, Michael Kesselring, Kaedan Korczak | Arber Xhekaj, Arber Xhekaj | Michael Kesselring |
| Penalty Shots |
|---|
|
Alex Barre-Boulet, Lukas Reichel, A.J. Greer, Michael Kesselring, Fredrik Olofsson |
| Goalie |
|---|
| Magnus Hellberg, Kevin Lankinen |
| Scratches |
|---|
|
Alex Jefferies (Healthy), Brandon Hickey (Healthy), Cameron Hebig (Healthy), Hunter McDonald (Healthy), Konnor Smith (Healthy)
Gustav Olofsson (Healthy), Riley Kidney (Healthy), Alan Quine (Healthy), Gemel Smith (Healthy), Mackenzie MacEachern (Healthy)
Kyle Olson (Healthy), Mason Primeau (Healthy), Eduards Tralmaks (Healthy), Michael Karow (Healthy), Daniel Torgersson (Healthy)
Elliot Desnoyers (Healthy), Ole Julian Bjorgvik-Holm (Healthy), Kyle Keyser (Healthy), Mack Guzda (Healthy) |
Play-by-Play
1st period
0:01 of 1st period - Alex Barre-Boulet wins face-off versus Hunter McKown in neutral zone.
0:26 of 1st period - Brayden Pachal is hit by Kevin Rooney and loses puck.
0:50 of 1st period - Wrist shot by Tristen Nielsen.
0:50 of 1st period - Shot Misses the Net.
2:48 of 1st period - Snap shot by A.J. Greer.
2:48 of 1st period - Deflect By Lukas Reichel.
2:48 of 1st period - Stopped by Akira Schmid with a rebound.
2:50 of 1st period - Slapshot by Cole McWard.
2:50 of 1st period - Stopped by Akira Schmid without a rebound.
2:51 of 1st period - Emilio Pettersen wins face-off versus Brendan Gaunce in Condors zone.
3:26 of 1st period - Nick Blankenburg is hit by Brendan Gaunce and loses puck.
3:45 of 1st period - Snap shot by Cole Fonstad.
3:45 of 1st period - Shot Misses the Net.
3:47 of 1st period - Wrist shot by Jonathan Aspirot.
3:47 of 1st period - Stopped by Magnus Hellberg with a rebound.
3:49 of 1st period - Snap shot by Ville Ottavainen.
3:49 of 1st period - Shot Blocked by Kaedan Korczak.
4:29 of 1st period - Slapshot by Brendan Gaunce.
4:29 of 1st period - Stopped by Akira Schmid without a rebound.
4:30 of 1st period - Alex Barre-Boulet wins face-off versus Hunter McKown in Condors zone.
4:41 of 1st period - Snap shot by Walker Duehr.
4:41 of 1st period - Shot Misses the Net.
5:21 of 1st period - Zack Hayes is hit by Matej Blumel and loses puck.
5:30 of 1st period - Snap shot by Fredrik Olofsson.
5:30 of 1st period - Stopped by Akira Schmid without a rebound.
5:31 of 1st period - Alex Barre-Boulet wins face-off versus Hunter McKown in Condors zone.
5:48 of 1st period - Snap shot by Tristen Nielsen.
5:48 of 1st period - Shot Misses the Net.
6:02 of 1st period - Matej Blumel is hit by Walker Duehr and loses puck.
6:19 of 1st period - Snap shot by Gerry Mayhew.
6:19 of 1st period - Shot Misses the Net.
6:21 of 1st period - Slapshot by Kaedan Korczak.
6:21 of 1st period - Shot Misses the Net.
6:48 of 1st period - Snap shot by Kevin Rooney.
6:48 of 1st period - Shot Blocked by James Hamblin.
8:00 of 1st period - Wrist shot by Lukas Reichel.
8:00 of 1st period - Stopped by Akira Schmid with a rebound.
8:56 of 1st period - Ville Ottavainen is hit by Landon Slaggert and loses puck.
9:12 of 1st period - Icing by Michael Kesselring.
9:13 of 1st period - Alex Barre-Boulet wins face-off versus Frank Nazar in Hershey Bears zone.
9:53 of 1st period - Snap shot by A.J. Greer.
9:53 of 1st period - Stopped by Akira Schmid without a rebound.
9:54 of 1st period - James Hamblin wins face-off versus Brendan Gaunce in Condors zone.
10:07 of 1st period - Nick Blankenburg is hit by A.J. Greer and loses puck.
10:46 of 1st period - Matej Blumel is hit by Nick Blankenburg and loses puck.
11:01 of 1st period - Slapshot by Alex Barre-Boulet.
11:01 of 1st period - Stopped by Akira Schmid without a rebound.
11:02 of 1st period - Tristen Nielsen wins face-off versus Alex Barre-Boulet in Condors zone.
12:28 of 1st period - Zack Hayes is hit by A.J. Greer and loses puck.
12:40 of 1st period - Icing by Zack Hayes.
12:41 of 1st period - Emilio Pettersen wins face-off versus Kevin Rooney in Condors zone.
13:15 of 1st period - Icing by Nick Blankenburg.
13:16 of 1st period - Frank Nazar wins face-off versus Brendan Gaunce in Condors zone.
13:28 of 1st period - Snap shot by Emilio Pettersen.
13:28 of 1st period - Shot Blocked by Vincent Lorio.
13:30 of 1st period - Wrist shot by Walker Duehr.
13:30 of 1st period - Shot Blocked by Vincent Lorio.
13:46 of 1st period - Frank Nazar is hit by A.J. Greer.
14:03 of 1st period - Michael Kesselring is hit by Hunter McKown and loses puck.
14:57 of 1st period - Icing by Brandon Scanlin.
14:58 of 1st period - Alex Barre-Boulet wins face-off versus Emilio Pettersen in Condors zone.
14:59 of 1st period - Wrist shot by Lukas Reichel.
14:59 of 1st period - Deflect By Alex Barre-Boulet.
14:59 of 1st period - Stopped by Akira Schmid with a rebound.
15:13 of 1st period - Wrist shot by Lukas Reichel.
15:13 of 1st period - Shot Misses the Net.
15:24 of 1st period - Icing by Louis Crevier.
15:25 of 1st period - Frank Nazar wins face-off versus Brendan Gaunce in Hershey Bears zone.
15:51 of 1st period - Snap shot by Fredrik Olofsson.
15:51 of 1st period - Shot Misses the Net.
18:38 of 1st period - Slapshot by Lukas Reichel.
18:38 of 1st period - Goal by Lukas Reichel - Condors : 0 - Hershey Bears : 1.
18:39 of 1st period - Alex Barre-Boulet wins face-off versus Emilio Pettersen in neutral zone.
18:53 of 1st period - Snap shot by Alex Barre-Boulet.
18:53 of 1st period - Stopped by Akira Schmid without a rebound.
18:54 of 1st period - Kevin Rooney wins face-off versus Hunter McKown in Condors zone.
18:59 of 1st period - Slapshot by Kevin Rooney.
18:59 of 1st period - Stopped by Akira Schmid with a rebound.
19:01 of 1st period - Slapshot by Arber Xhekaj.
19:01 of 1st period - Shot Misses the Net.
19:03 of 1st period - Slapshot by Michael Kesselring.
19:03 of 1st period - Deflect By Fredrik Olofsson.
19:03 of 1st period - Stopped by Akira Schmid without a rebound.
19:04 of 1st period - Kevin Rooney wins face-off versus Walker Duehr in Condors zone.
19:05 of 1st period - Snap shot by Matej Blumel.
19:05 of 1st period - Stopped by Akira Schmid with a rebound.
19:07 of 1st period - Wrist shot by Arber Xhekaj.
19:07 of 1st period - Stopped by Akira Schmid with a rebound.
19:09 of 1st period - Wrist shot by Matej Blumel.
19:09 of 1st period - Shot Misses the Net.
19:11 of 1st period - Backhand shot by Kevin Rooney.
19:11 of 1st period - Shot Misses the Net.
19:13 of 1st period - Snap shot by Matej Blumel.
19:13 of 1st period - Shot Misses the Net.
19:15 of 1st period - Snap shot by Matej Blumel.
19:15 of 1st period - Shot Blocked by Brayden Pachal.
19:45 of 1st period - Snap shot by James Hamblin.
19:45 of 1st period - Shot Misses the Net.
19:51 of 1st period - Wrist shot by Matej Blumel.
19:51 of 1st period - Shot Blocked by James Hamblin.
19:53 of 1st period - Slapshot by Michael Kesselring.
19:53 of 1st period - Deflect By Matej Blumel.
19:53 of 1st period - Shot Misses the Net.
19:53 of 1st period - Puck is out of play.
19:54 of 1st period - Alex Barre-Boulet wins face-off versus Frank Nazar in Condors zone.
Goals for this period are 0 for Condors vs 1 for Hershey Bears.
Shots for this period are 1 for Condors vs 14 for Hershey Bears.
2nd period
0:01 of 2nd period - Alex Barre-Boulet wins face-off versus Hunter McKown in neutral zone.
0:09 of 2nd period - Icing by Brayden Pachal.
0:10 of 2nd period - Hunter McKown wins face-off versus Alex Barre-Boulet in Condors zone.
0:31 of 2nd period - Snap shot by Alex Barre-Boulet.
0:31 of 2nd period - Stopped by Akira Schmid without a rebound.
0:32 of 2nd period - Brendan Gaunce wins face-off versus Frank Nazar in Condors zone.
0:36 of 2nd period - Minor Penalty to Nick Blankenburg for Holding.
0:37 of 2nd period - Hunter McKown wins face-off versus Alex Barre-Boulet in Condors zone.
0:45 of 2nd period - Hunter McKown is hit by Lukas Reichel and loses puck.
0:50 of 2nd period - Wrist shot by A.J. Greer.
0:50 of 2nd period - Goal by A.J. Greer - Condors : 0 - Hershey Bears : 2.
0:51 of 2nd period - Hunter McKown wins face-off versus Alex Barre-Boulet in neutral zone.
0:56 of 2nd period - Alex Barre-Boulet is hit by Walker Duehr and loses puck.
1:40 of 2nd period - Michael Kesselring is hit by James Hamblin and loses puck.
2:42 of 2nd period - Snap shot by Landon Slaggert.
2:42 of 2nd period - Stopped by Akira Schmid with a rebound.
3:29 of 2nd period - Kaedan Korczak is hit by Emilio Pettersen and loses puck.
4:03 of 2nd period - James Hamblin is hit by Landon Slaggert and loses puck.
4:24 of 2nd period - Wrist shot by Jonas Rondbjerg.
4:24 of 2nd period - Shot Blocked by Nick Blankenburg.
4:30 of 2nd period - Jonas Rondbjerg is hit by Nick Blankenburg.
4:38 of 2nd period - Kaedan Korczak is hit by Andre Lee and loses puck.
4:45 of 2nd period - Wrist shot by James Hamblin.
4:45 of 2nd period - Stopped by Magnus Hellberg without a rebound.
4:46 of 2nd period - Frank Nazar wins face-off versus Alex Barre-Boulet in Hershey Bears zone.
4:49 of 2nd period - Wrist shot by Cole Fonstad.
4:49 of 2nd period - Shot Blocked by Michael Kesselring.
4:51 of 2nd period - Wrist shot by Frank Nazar.
4:51 of 2nd period - Shot Misses the Net.
4:53 of 2nd period - Snap shot by Cole Fonstad.
4:53 of 2nd period - Shot Blocked by Arber Xhekaj.
4:55 of 2nd period - Slapshot by Frank Nazar.
4:55 of 2nd period - Shot Misses the Net.
4:57 of 2nd period - Slapshot by Cole Fonstad.
4:57 of 2nd period - Stopped by Magnus Hellberg without a rebound.
4:58 of 2nd period - Alex Barre-Boulet wins face-off versus Frank Nazar in Hershey Bears zone.
5:03 of 2nd period - Snap shot by Cole Fonstad.
5:03 of 2nd period - Deflect By Frank Nazar.
5:03 of 2nd period - Shot Misses the Net.
5:03 of 2nd period - Puck is out of play.
5:04 of 2nd period - Alex Barre-Boulet wins face-off versus Frank Nazar in Hershey Bears zone.
5:04 of 2nd period - Alex Barre-Boulet is hit by Walker Duehr.
5:10 of 2nd period - Snap shot by Frank Nazar.
5:10 of 2nd period - Stopped by Magnus Hellberg with a rebound.
5:16 of 2nd period - Frank Nazar is hit by Alex Barre-Boulet and loses puck.
5:31 of 2nd period - Slapshot by Emilio Pettersen.
5:31 of 2nd period - Shot Misses the Net.
5:35 of 2nd period - Slapshot by Emilio Pettersen.
5:35 of 2nd period - Stopped by Magnus Hellberg without a rebound.
5:36 of 2nd period - Kevin Rooney wins face-off versus Emilio Pettersen in Hershey Bears zone.
7:01 of 2nd period - Slapshot by Louis Crevier.
7:01 of 2nd period - Deflect By Fredrik Olofsson.
7:01 of 2nd period - Stopped by Akira Schmid without a rebound.
7:02 of 2nd period - Frank Nazar wins face-off versus Kevin Rooney in Condors zone.
8:21 of 2nd period - Andre Lee is hit by Brendan Gaunce and loses puck.
9:57 of 2nd period - Wrist shot by Landon Slaggert.
9:57 of 2nd period - Deflect By Jeffrey Viel.
9:57 of 2nd period - Shot Blocked by Walker Duehr.
9:57 of 2nd period - Puck is out of play.
9:58 of 2nd period - Frank Nazar wins face-off versus Gerry Mayhew in Condors zone.
9:58 of 2nd period - Frank Nazar is hit by Michael Kesselring.
10:04 of 2nd period - Jeffrey Viel is hit by Frank Nazar.
10:10 of 2nd period - Wrist shot by Gerry Mayhew.
10:10 of 2nd period - Shot Blocked by Tristen Nielsen.
10:14 of 2nd period - Snap shot by Jeffrey Viel.
10:14 of 2nd period - Stopped by Akira Schmid with a rebound.
10:28 of 2nd period - Snap shot by Matej Blumel.
10:28 of 2nd period - Stopped by Akira Schmid with a rebound.
10:30 of 2nd period - Slapshot by Vincent Lorio.
10:30 of 2nd period - Stopped by Akira Schmid without a rebound.
10:31 of 2nd period - Matej Blumel wins face-off versus Frank Nazar in Condors zone.
10:38 of 2nd period - Snap shot by Walker Duehr.
10:38 of 2nd period - Shot Misses the Net.
10:55 of 2nd period - Lukas Reichel is hit by Tristen Nielsen and loses puck.
11:30 of 2nd period - Slapshot by Vincent Lorio.
11:30 of 2nd period - Stopped by Akira Schmid without a rebound.
11:31 of 2nd period - Kevin Rooney wins face-off versus Hunter McKown in Condors zone.
11:38 of 2nd period - Slapshot by Brandon Scanlin.
11:38 of 2nd period - Stopped by Magnus Hellberg with a rebound.
11:40 of 2nd period - Slapshot by Brandon Scanlin.
11:40 of 2nd period - Deflect By Frank Nazar.
11:40 of 2nd period - Stopped by Magnus Hellberg without a rebound.
11:41 of 2nd period - Hunter McKown wins face-off versus Alex Barre-Boulet in Hershey Bears zone.
11:47 of 2nd period - Minor Penalty to A.J. Greer for Tripping.
11:48 of 2nd period - Hunter McKown wins face-off versus Kevin Rooney in Hershey Bears zone.
11:56 of 2nd period - Arber Xhekaj is hit by Hunter McKown and loses puck.
13:13 of 2nd period - Landon Slaggert is hit by Andre Lee and loses puck.
13:47 of 2nd period - Penalty to A.J. Greer is over, A.J. Greer is back on ice.
15:13 of 2nd period - Snap shot by Arber Xhekaj.
15:13 of 2nd period - Shot Misses the Net.
15:15 of 2nd period - Snap shot by Sean Farrell.
15:15 of 2nd period - Stopped by Akira Schmid with a rebound.
15:17 of 2nd period - Wrist shot by Gerry Mayhew.
15:17 of 2nd period - Deflect By James Hamblin.
15:17 of 2nd period - Stopped by Akira Schmid without a rebound.
15:18 of 2nd period - Emilio Pettersen wins face-off versus Gerry Mayhew in Condors zone.
15:47 of 2nd period - Frank Nazar is hit by Landon Slaggert and loses puck.
16:26 of 2nd period - Off-side.
16:27 of 2nd period - Alex Barre-Boulet wins face-off versus Hunter McKown in neutral zone.
16:31 of 2nd period - Off-side.
16:32 of 2nd period - Hunter McKown wins face-off versus Alex Barre-Boulet in neutral zone.
16:35 of 2nd period - Alex Barre-Boulet is hit by Brandon Scanlin and loses puck.
16:48 of 2nd period - Snap shot by Alex Barre-Boulet.
16:48 of 2nd period - Goal by Alex Barre-Boulet - Condors : 0 - Hershey Bears : 3.
16:49 of 2nd period - Alex Barre-Boulet wins face-off versus Hunter McKown in neutral zone.
17:19 of 2nd period - Snap shot by Frank Nazar.
17:19 of 2nd period - Stopped by Magnus Hellberg without a rebound.
17:20 of 2nd period - Kevin Rooney wins face-off versus Tristen Nielsen in Hershey Bears zone.
17:42 of 2nd period - Minor Penalty to Zack Hayes for Roughing.
17:43 of 2nd period - Hunter McKown wins face-off versus Lukas Reichel in Condors zone.
18:34 of 2nd period - Icing by Alex Barre-Boulet.
18:35 of 2nd period - Alex Barre-Boulet wins face-off versus Emilio Pettersen in Hershey Bears zone.
19:00 of 2nd period - Snap shot by Matej Blumel.
19:00 of 2nd period - Shot Blocked by Hunter McKown.
19:42 of 2nd period - Penalty to Zack Hayes is over, Zack Hayes is back on ice.
Goals for this period are 0 for Condors vs 2 for Hershey Bears.
Shots for this period are 7 for Condors vs 11 for Hershey Bears.
3rd period
0:01 of 3rd period - Hunter McKown wins face-off versus Alex Barre-Boulet in neutral zone.
0:39 of 3rd period - Hunter McKown is hit by Jonas Rondbjerg and loses puck.
0:44 of 3rd period - Snap shot by Landon Slaggert.
0:44 of 3rd period - Shot Misses the Net.
0:46 of 3rd period - Backhand shot by Landon Slaggert.
0:46 of 3rd period - Stopped by Akira Schmid without a rebound.
0:47 of 3rd period - Lukas Reichel wins face-off versus Frank Nazar in Condors zone.
0:58 of 3rd period - Slapshot by Lukas Reichel.
0:58 of 3rd period - Shot Misses the Net.
1:03 of 3rd period - Off-side.
1:04 of 3rd period - James Hamblin wins face-off versus Kevin Rooney in neutral zone.
1:33 of 3rd period - Off-side.
1:34 of 3rd period - Alex Barre-Boulet wins face-off versus Frank Nazar in neutral zone.
1:43 of 3rd period - Slapshot by Zack Hayes.
1:43 of 3rd period - Shot Blocked by Alex Barre-Boulet.
1:45 of 3rd period - Wrist shot by Frank Nazar.
1:45 of 3rd period - Stopped by Magnus Hellberg with a rebound.
1:47 of 3rd period - Snap shot by Walker Duehr.
1:47 of 3rd period - Stopped by Magnus Hellberg without a rebound.
1:48 of 3rd period - Hunter McKown wins face-off versus Kevin Rooney in Hershey Bears zone.
2:38 of 3rd period - Frank Nazar is hit by Michael Kesselring and loses puck.
4:24 of 3rd period - Nick Wolff is hit by Brendan Gaunce and loses puck.
4:37 of 3rd period - Tristen Nielsen is hit by Kevin Rooney and loses puck.
5:16 of 3rd period - Nick Blankenburg is hit by Kaedan Korczak.
5:52 of 3rd period - Wrist shot by Kevin Rooney.
5:52 of 3rd period - Shot Misses the Net.
5:54 of 3rd period - Snap shot by Michael Kesselring.
5:54 of 3rd period - Stopped by Akira Schmid without a rebound.
5:55 of 3rd period - Gerry Mayhew wins face-off versus Emilio Pettersen in Condors zone.
6:04 of 3rd period - Snap shot by Gerry Mayhew.
6:04 of 3rd period - Stopped by Akira Schmid with a rebound.
7:02 of 3rd period - Slapshot by Fredrik Olofsson.
7:02 of 3rd period - Stopped by Akira Schmid with a rebound.
7:04 of 3rd period - Wrist shot by Fredrik Olofsson.
7:04 of 3rd period - Shot Blocked by Nick Blankenburg.
7:06 of 3rd period - Wrist shot by Kevin Rooney.
7:06 of 3rd period - Shot Misses the Net.
7:08 of 3rd period - Slapshot by Fredrik Olofsson.
7:08 of 3rd period - Deflect By Kevin Rooney.
7:08 of 3rd period - Stopped by Akira Schmid without a rebound.
7:09 of 3rd period - Alex Barre-Boulet wins face-off versus Hunter McKown in Condors zone.
7:22 of 3rd period - Slapshot by Arber Xhekaj.
7:22 of 3rd period - Stopped by Akira Schmid with a rebound.
7:24 of 3rd period - Wrist shot by Kevin Rooney.
7:24 of 3rd period - Shot Misses the Net.
7:26 of 3rd period - Wrist shot by Matej Blumel.
7:26 of 3rd period - Shot Hit the Post.
7:28 of 3rd period - Snap shot by Fredrik Olofsson.
7:28 of 3rd period - Shot Misses the Net.
7:30 of 3rd period - Slapshot by Michael Kesselring.
7:30 of 3rd period - Deflect By Fredrik Olofsson.
7:30 of 3rd period - Shot Misses the Net.
7:30 of 3rd period - Puck is out of play.
7:31 of 3rd period - Hunter McKown wins face-off versus Alex Barre-Boulet in Condors zone.
7:55 of 3rd period - Icing by Cole Fonstad.
7:56 of 3rd period - Frank Nazar wins face-off versus Alex Barre-Boulet in Condors zone.
8:40 of 3rd period - Wrist shot by Cole Fonstad.
8:40 of 3rd period - Stopped by Magnus Hellberg without a rebound.
8:41 of 3rd period - Alex Barre-Boulet wins face-off versus Emilio Pettersen in Hershey Bears zone.
8:52 of 3rd period - Jonathan Aspirot is hit by Lukas Reichel and loses puck.
9:23 of 3rd period - Slapshot by Sean Farrell.
9:23 of 3rd period - Shot Misses the Net.
9:25 of 3rd period - Snap shot by Jeffrey Viel.
9:25 of 3rd period - Shot Blocked by Emilio Pettersen.
9:27 of 3rd period - Snap shot by Sean Farrell.
9:27 of 3rd period - Shot Misses the Net.
9:29 of 3rd period - Wrist shot by Gerry Mayhew.
9:29 of 3rd period - Shot Misses the Net.
9:41 of 3rd period - Matej Blumel is hit by Zack Hayes and loses puck.
9:54 of 3rd period - Emilio Pettersen is hit by Landon Slaggert and loses puck.
10:17 of 3rd period - Kaedan Korczak is hit by Hunter McKown and loses puck.
11:32 of 3rd period - Snap shot by Kevin Rooney.
11:32 of 3rd period - Deflect By Fredrik Olofsson.
11:32 of 3rd period - Stopped by Akira Schmid without a rebound.
11:33 of 3rd period - Frank Nazar wins face-off versus Alex Barre-Boulet in Condors zone.
13:32 of 3rd period - Jonathan Aspirot is hit by Sean Farrell and loses puck.
14:11 of 3rd period - Fredrik Olofsson is hit by Nick Blankenburg and loses puck.
15:08 of 3rd period - Wrist shot by A.J. Greer.
15:08 of 3rd period - Shot Misses the Net.
15:10 of 3rd period - Snap shot by Louis Crevier.
15:10 of 3rd period - Stopped by Akira Schmid with a rebound.
15:12 of 3rd period - Slapshot by Kaedan Korczak.
15:12 of 3rd period - Stopped by Akira Schmid without a rebound.
15:13 of 3rd period - Frank Nazar wins face-off versus Kevin Rooney in Condors zone.
17:31 of 3rd period - Brayden Pachal is hit by Landon Slaggert and loses puck.
18:00 of 3rd period - Snap shot by Hunter McKown.
18:00 of 3rd period - Stopped by Magnus Hellberg with a rebound.
18:02 of 3rd period - Snap shot by Walker Duehr.
18:02 of 3rd period - Shot Misses the Net.
18:04 of 3rd period - Snap shot by Jonathan Aspirot.
18:04 of 3rd period - Shot Blocked by Louis Crevier.
18:06 of 3rd period - Slapshot by Ville Ottavainen.
18:06 of 3rd period - Shot Misses the Net.
18:08 of 3rd period - Snap shot by Walker Duehr.
18:08 of 3rd period - Stopped by Magnus Hellberg without a rebound.
18:09 of 3rd period - Kevin Rooney wins face-off versus Frank Nazar in Hershey Bears zone.
18:24 of 3rd period - Snap shot by Fredrik Olofsson.
18:24 of 3rd period - Stopped by Akira Schmid with a rebound.
18:34 of 3rd period - Landon Slaggert is hit by Nick Wolff and loses puck.
18:55 of 3rd period - Wrist shot by Lukas Reichel.
18:55 of 3rd period - Shot Misses the Net.
18:57 of 3rd period - Snap shot by Alex Barre-Boulet.
18:57 of 3rd period - Shot Hit the Post.
Goals for this period are 0 for Condors vs 0 for Hershey Bears.
Shots for this period are 5 for Condors vs 10 for Hershey Bears.